Unix NetHack Version 3.7.0-86 Work-in-progress - last build May 30 2023 01:50:43 (cc98dc9aa62a9957b082a042edf5bd7ec9f632c7,branch:master). Game began 2023-06-16 21:52:57, ended 2023-06-16 22:30:21. Boxo, chaotic female elven Wizard --- |.@| --- --Z%- |...| ---... -<..| |....... ..).| |..--..... |.- |.-|---.... |.| |..-- ---... |.| |...| --... |%| ----- |*^..... |[---- -->...... |.....| --....... ----.| --.---... |.| --- |... |.| |... |.----- -.^. --.....-- ---.... |.%.-..(-------..... |....%...%.)%%%.... --.|.--------..--- ----- --- Boxo the Conjurer St:12 Dx:10 Co:15 In:18 Wi:10 Ch:10 Chaotic S:1254 Dlvl:5 $:62 HP:0(34) Pw:9(44) AC:4 Xp:5/233 T:1503 Deaf Latest messages: You climb up the stairs. What do you want to write with? [- cdfsuzMRSU-Z or ?*] You write in the dust with a black gem. Never mind. What do you want to write with? [- cdfsuzMRSU-Z or ?*] You write in the dust with 2 blue gems. Never mind. What do you want to write with? [- cdfsuzMRSU-Z or ?*] You write in the dust with a red gem. Never mind. What do you want to write with? [- cdfsuzMRSU-Z or ?*] You write in the dust with a violet gem. Never mind. What do you want to call? [uzM-PR-TVY or ?*] What do you want to call? [uzM-PR-TVY or ?*] What do you want to call? [uzM-PR-TVY or ?*] What do you want to call? [uzM-PR-TVY or ?*] You drop a gem called s. You drop 2 gems called s. You drop a gem called s. You drop a gem called s. A little dart shoots out at you! A little dart misses you. W - a dart (3 in total). You feel agile! You must have been working on your reflexes. What do you want to use or apply? [cesuyzMX or ?*] You now wield a pick-axe named !c <<. In what direction do you want to dig? [hynb>] You start digging. You hit the rock with all your might. You stop digging. Pick an object. The human zombie hits! What do you want to use or apply? [cesuyzMX or ?*] You start playing your leather drum named <<. You pound on the drum. The human zombie hits! The human zombie hits! What do you want to drink? [gN or ?*] You feel better. The human zombie hits! The human zombie hits! What do you want to zap? [csuzM or ?*] In what direction? You destroy the human zombie! The bolt of fire hits you! Your cloak smoulders! You die... Do you want your possessions identified? [ynq] (y) Inventory: Coins $ - 62 gold pieces Rings U - an uncursed ring of searching d - an uncursed ring of slow digestion (on right hand) Armor P - a blessed +1 dwarvish iron helm (being worn) T - an uncursed rustproof +0 pair of iron shoes named !c (being worn) b - an uncursed burnt +0 cloak of magic resistance (being worn) Weapons W - 3 +0 darts f - a +0 aklys named !c Z - a +0 aklys Tools y - an uncursed leather drum named << e - a +0 pick-axe named !c << (weapon in hand) X - an uncursed towel Scrolls L - an uncursed scroll of light O - an uncursed scroll of teleportation Potions N - an uncursed potion of confusion Wands c - a wand of cancellation (0:6) s - a wand of fire named 1 (0:2) M - a wand of magic missile named 1 (0:4) z - a wand of teleportation named 1 (0:3) u - a wand of undead turning named 1 (0:5) Boxo the Wizard's attributes: Background: You were a Conjurer, a level 5 female elven Wizard. You were chaotic, nominally on a mission for Anhur who was opposed by Ptah (lawful) and Thoth (neutral). You were in the Gnomish Mines, on level 5. You entered the dungeon 1503 turns ago. It was nighttime. You had 233 experience points, 87 more were needed to attain level 6. Your score was 1254 before end-of-game adjustments. Basics: You had 0 out of 34 hit points. You had 9 out of 44 energy points (spell power). Your armor class was 5. Your wallet contained 62 zorkmids. Autopickup was on for '$"?!=/' plus thrown, with exceptions. Final Characteristics: Your strength was 12 (limit:18). Your dexterity was 10 (base:11, limit:18). Your constitution was 15 (limit:16). Your intelligence was 18 (limit:20). Your wisdom was 10 (limit:20). Your charisma was 10 (limit:18). Final Status: You were deaf. You had wounded legs. You were not hungry. You were unencumbered. You were wielding a pick-axe. You had no skill with pick-axe. Final Attributes: You were devoutly aligned. You were magic-protected. You were sleep resistant. You had infravision. You had slower digestion. You were warded. You are dead. Miscellaneous: You disabled loading of bones levels. Total elapsed playing time was 37 minutes and 24 seconds. Major events: Turn 1: Boxo the chaotic female elven Wizard entered the dungeon 617: attained the rank of Conjurer (level 3) 1046: entered the Gnomish Mines 1503: killed by a bolt of fire zapped by herself Vanquished creatures: a human zombie 2 gnome leaders a kitten 2 dwarves a giant bat an orc zombie a wererat 2 iguanas 2 coyotes 10 gnomes a gecko 3 jackals 4 goblins 6 grid bugs a bat 3 lichens 2 kobold zombies 2 newts 45 creatures vanquished. No species were genocided or became extinct. Voluntary challenges: You were deaf from birth. You went without food. You were an atheist. You never hit with a wielded weapon. You were illiterate. You never engraved Elbereth. You never had a pet. You never genocided any monsters. You never polymorphed an object. You never changed form. You used no wishes. Achievements: You attained the rank of Conjurer. You entered a shop. You entered the Gnomish Mines. The Dungeons of Doom: levels 1 to 5 Level 1: A fountain, a sink. Level 2: A jewelers. Level 3: "[[" Some fountains. Level 4: Some fountains. Stairs down to The Gnomish Mines. Level 5: The Gnomish Mines: levels 5 to 6 Level 5: <- You were here. Final resting place for you, killed by a bolt of fire zapped by yourself. Level 6: Game over: ---------- / \ / REST \ / IN \ / PEACE \ / \ | Boxo | | 62 Au | | killed by a bolt | | of fire zapped | | by herself | | | | 2023 | *| * * * | * _________)/\\_//(\/(/\)/\//\/|_)_______ Goodbye Boxo the Wizard... You died in The Gnomish Mines on dungeon level 5 with 1248 points, and 62 pieces of gold, after 1503 moves. You were level 5 with a maximum of 34 hit points when you died.